 Dungeon Sprint DCSS version 0.14-a0-3345-g9255d23 (webtiles) character file.

1110 BluebellGnoll the Unseen (level 8, -13/36 HPs)
             Began as a Spriggan Air Elementalist on Mar 17, 2014.
             Was a Priest of Vehumet.
             Mangled by an orc warrior
             ... wielding a +0,+0 war axe
              (23 damage)
             ... in the Dungeon (Sprint IX: "|||||||||||||||||||||||||||||").
             The game lasted 00:06:52 (892 turns).

BluebellGnoll the Unseen (Spriggan Air Elementalist) Turns: 892, Time: 00:06:52

HP -13/36        AC  4     Str  7      XL: 8   Next: 11%
MP  27/29        EV 18     Int 19      God: Vehumet [***...]
Gold 0           SH  0     Dex 16      Spells:  3 memorised, 21 levels left

rFire  . . .     SeeInvis +     q - +2 cutlass (distort)
rCold  . . .     Clarity  .     a - +0 robe
rNeg   . . .     Conserve .     (shield restricted)
rPois  .         rCorr    .     (helmet restricted)
rElec  .         rRot     .     (no cloak)
SustAb . .       Spirit   .     (gloves unavailable)
rMut   .         Warding  .     (boots unavailable)
Saprov . . .     NoTele   +     (no amulet)
MR     +....                    p - +2 ring of protection
                                o - +3 ring of strength

@: very quick, somewhat resistant to hostile enchantments, extraordinarily
stealthy
A: unfitting armour, see invisible, herbivore 3, speed 3, slow metabolism 2
a: Renounce Religion


You were in the Dungeon.
You worshipped Vehumet.
Vehumet was most pleased with you.
You were not hungry.

You visited 1 branch

Inventory:

Hand weapons
 j - a +0,+0 dagger
 q - a +2,+2 cutlass of distortion (weapon)
Armour
 a - a +0 robe (worn)
Magical devices
 n - a wand of draining (3)
Scrolls
 i - 2 scrolls of blinking
 l - 3 scrolls of remove curse
 m - 2 scrolls of amnesia
Jewellery
 o - a +3 ring of strength (left hand)
 p - a +2 ring of protection (right hand)
Potions
 c - a potion of porridge
 d - 5 potions of curing
 e - 3 potions of heal wounds
 f - a potion of haste
 g - 4 potions of magic
 k - a potion of invisibility
Books
 b - a book of Air

   Spells                             Type                      Level
   *Shock                             Conjuration/Air              1
   Swiftness                          Charms/Air                   2
   *Repel Missiles                    Charms/Air                   2
   Flight                             Charms/Air                   3
   *Static Discharge                  Conjuration/Air              3
   Lightning Bolt                     Conjuration/Air              5


   Skills:
 - Level 3.0 Dodging
 - Level 19.0 Stealth
 - Level 10.1 Spellcasting
 + Level 6.5 Conjurations
 - Level 2.6 Air Magic


You had 21 spell levels left.
You knew the following spells:

 Your Spells              Type           Power        Failure   Level  Hunger
a - Shock                 Conj/Air       ####         1%          1    None
b - Repel Missiles        Chrm/Air       ##....       10%         2    None
c - Static Discharge      Conj/Air       ####....     1%          3    None


Dungeon Overview and Level Annotations

Branches:
Dungeon (1/1)

Altars:
Ashenzari
Cheibriados
Dithmenos
Elyvilon
Fedhas
Kikubaaqudgha
Makhleb
Nemelex Xobeh
Okawaru
Sif Muna
Trog
Vehumet
Xom
Yredelemnul
Zin
The Shining One


Innate Abilities, Weirdness & Mutations

You are tiny and cannot use many weapons and most armour.
You have supernaturally acute eyesight.
You are a herbivore.
You cover ground extremely quickly.
You need consume almost no food.


Message History

Your Conjurations skill increases to level 6!
You have reached level 8!
There is an open door to the Dungeon here.
Casting: Shock
Confirm with . or Enter, or press ? or * to list all spells.
Aiming: Shock
Press: ? - help, Shift-Dir - straight line, f/p - orc warrior
Aim: an orc warrior, wielding a war axe and wearing a plate armour (severely wounded)
The zap hits the orc warrior.
The orc warrior is almost dead.
Casting: Shock
Confirm with . or Enter, or press ? or * to list all spells.
Aiming: Shock
Press: ? - help, Shift-Dir - straight line, f/p - orc warrior
Aim: an orc warrior, wielding a war axe and wearing a plate armour (almost dead)
The zap hits the orc warrior.
The orc warrior appears unharmed.
The orc warrior is almost dead.
The orc warrior hits you with a war axe!
Ouch! That really hurt!
You die...

▓'▓
▓%▓
▓.▓
▓.▓
▓.▓
▓.▓
▓.▓
▓o▓
▓@▓
▓.▓
▓.▓
▓.▓
▓.▓
▓.▓
▓.▓
▓)▓
▓.▓


You could see an orc warrior.

Vanquished Creatures
  A troll (D)
  2 two-headed ogres (D)
  A deep elf mage (D)
  A yak (D)
  A scorpion (D)
  3 jellies (D)
  A wight (D)
  An orc wizard (D)
  An adder (D)
  A goblin (D)
  A hobgoblin (D)
  2 kobolds (D)
  A hobgoblin skeleton (D)
  A jackal (D)
  A kobold skeleton (D)
  A quokka skeleton (D)
  2 rats (D)
22 creatures vanquished.

Notes
Turn   | Place    | Note
--------------------------------------------------------------
     0 | D        | BluebellGnoll, the Spriggan Air Elementalist, began the quest for the Orb.
     0 | D        | Reached XP level 1. HP: 9/9 MP: 4/4
     9 | D        | Reached skill level 4 in Spellcasting
    98 | D        | Noticed an orc wizard
    98 | D        | Noticed a crimson imp
    98 | D        | Noticed a scorpion
    99 | D        | Reached skill level 5 in Spellcasting
   103 | D        | Killed an orc wizard
   103 | D        | Reached skill level 7 in Spellcasting
   103 | D        | Reached XP level 2. HP: 13/13 MP: 2/14
   103 | D        | Reached XP level 3. HP: 16/16 MP: 2/18
   115 | D        | Learned a level 2 spell: Repel Missiles
   119 | D        | Learned a level 3 spell: Static Discharge
   221 | D        | Killed a scorpion
   221 | D        | Reached skill level 10 in Spellcasting
   221 | D        | Reached XP level 4. HP: 21/21 MP: 11/22
   339 | D        | Found a radiant altar of Vehumet.
   339 | D        | Found a sparkling altar of Nemelex Xobeh.
   339 | D        | Found a burning altar of Makhleb.
   339 | D        | Found a radiant altar of Vehumet.
   339 | D        | Found a blossoming altar of Fedhas.
   339 | D        | Found a glowing golden altar of the Shining One.
   339 | D        | Found a sparkling altar of Nemelex Xobeh.
   340 | D        | Found a shattered altar of Ashenzari.
   341 | D        | Found an ancient bone altar of Kikubaaqudgha.
   342 | D        | Found a bloodstained altar of Trog.
   343 | D        | Found an iron altar of Okawaru.
   344 | D        | Found a snail-covered altar of Cheibriados.
   345 | D        | Found a shadowy altar of Dithmenos.
   346 | D        | Found a deep blue altar of Sif Muna.
   347 | D        | Found a glowing silver altar of Zin.
   348 | D        | Found a basalt altar of Yredelemnul.
   349 | D        | Found a shimmering altar of Xom.
   350 | D        | Found a white marble altar of Elyvilon.
   365 | D        | Became a worshipper of Vehumet
   532 | D        | Noticed a deep elf mage
   532 | D        | Noticed a jelly
   532 | D        | Noticed a two-headed ogre
   532 | D        | Noticed a troll
   576 | D        | Killed a two-headed ogre
   576 | D        | Reached skill level 14 in Stealth
   576 | D        | Reached XP level 5. HP: 12/24 MP: 14/24
   576 | D        | Reached XP level 6. HP: 14/28 MP: 15/26
   603 | D        | Killed a troll
   603 | D        | Acquired Vehumet's first power
   603 | D        | Offered knowledge of Magic Dart by Vehumet.
   603 | D        | Reached skill level 17 in Stealth
   611 | D        | Killed a jelly
   611 | D        | Reached skill level 18 in Stealth
   611 | D        | Reached XP level 7. HP: 10/32 MP: 14/28
   613 | D        | Killed a jelly
   632 | D        | Killed a jelly
   817 | D        | Offered knowledge of Sting by Vehumet.
   817 | D        | Reached skill level 19 in Stealth
   851 | D        | Killed a deep elf mage
   873 | D        | Noticed a yak
   873 | D        | Noticed a two-headed ogre
   873 | D        | Noticed a wight
   873 | D        | Noticed an orc warrior
   880 | D        | Killed a wight
   880 | D        | Acquired Vehumet's second power
   883 | D        | Killed a two-headed ogre
   883 | D        | Reached skill level 5 in Conjurations
   887 | D        | Killed a yak
   887 | D        | Reached XP level 8. HP: 9/36 MP: 29/29
   892 | D        | Mangled by an orc warrior

Action                   |  1- 3 |  4- 6 |  7- 9 || total
-------------------------+-------+-------+-------++-------
Melee: Dagger            |       |    17 |       ||    17
       Cutlass           |       |     8 |     3 ||    11
 Cast: Shock             |    18 |    48 |    20 ||    86
Evoke: Wand              |       |       |     4 ||     4
  Use: Potion            |       |     1 |       ||     1
